 Dungeon Crawl Stone Soup version 0.25.0-9-g26727b657a (webtiles) character file.

Game seed: 10848540221709362283

90 Esekla the Grave Robber (level 4, -3/33 HPs)
             Began as a Barachi Necromancer on June 20, 2020.
             Slain by Sigmund
             ... wielding a +0 scythe
              (9 damage)
             ... on level 2 of the Dungeon.
             The game lasted 00:11:54 (1678 turns).

Esekla the Grave Robber (Barachi Necromancer)       Turns: 1678, Time: 00:11:55

Health: -3/33      AC:  3    Str:  9    XL:     4   Next: 56%
Magic:  2/8        EV: 12    Int: 17    God:
Gold:   103        SH:  0    Dex: 12    Spells: 4/8 levels left

rFire    . . .     SeeInvis .   h - +0 dagger (protect)
rCold    . . .     Gourm    .   (no shield)
rNeg     . . .     Faith    .   g - +0 leather armour
rPois    .         Spirit   .   (no helmet)
rElec    .         Reflect  .   (no cloak)
rCorr    .         Harm     .   (no gloves)
MR       .....                  (no boots)
Stlth    ++........             (no amulet)
HPRegen  0.11/turn              (no ring)
MPRegen  0.11/turn              (no ring)

@: slow
A: +LOS, swims, slowness 1, strong legs 1
a: Hop


You were on level 2 of the Dungeon.
You were hungry.

You visited 1 branch of the dungeon, and saw 3 of its levels.

You collected 103 gold pieces.

Inventory:

Hand Weapons
 h - a +0 dagger of protection (weapon)
Missiles
 m - 13 poisoned darts (quivered)
Armour
 g - a +0 leather armour (worn)
 k - a +0 cloak
Scrolls
 a - a scroll of teleportation {unknown}
 d - 2 scrolls of identify {unknown}
 e - a scroll of magic mapping {unknown}
 f - 2 scrolls of fear {unknown}
 j - a scroll of random uselessness {unknown}
Potions
 b - 2 potions of curing {unknown}
 i - a potion of heal wounds {unknown}
 n - 2 potions of cancellation {unknown}
Comestibles
 c - 7 rations


   Skills:
 * Level 2.0 Fighting
 * Level 1.5 Short Blades
 * Level 2.0 Armour
 + Level 2.8 Dodging
 - Level 1.7 Stealth
 + Level 2.9 Spellcasting
 + Level 3.6 Necromancy


You had 4 spell levels left.
You knew the following spells:

 Your Spells              Type           Power        Failure   Level  Hunger
a - Pain                  Necr           ##..         5%          1    None
d - Vampiric Draining     Necr           ##........   16%         3    ###....

Your spell library contained the following spells:

 Spells                   Type           Power        Failure   Level  Hunger
 Animate Skeleton         Necr           N/A          5%          1    None
 Animate Dead             Necr           N/A          47%         4    ####...
 Agony                    Necr           ##......     83%         5    ######.


Dungeon Overview and Level Annotations

Branches:
Dungeon (3/15)

Altars:

Annotations:
D:2 Sigmund


Innate Abilities, Weirdness & Mutations

You can be seen from farther away. (+LOS)
You can swim through water.
You cover ground slowly.
You can hop short distances.


Message History

Something hits you.
You closely miss something.
Casting: Vampiric Draining (quite dangerous; 16% risk of failure)
Confirm with . or Enter, or press ? or * to list all spells.
The spell is quite dangerous to cast (16% risk of failure)!
Continue anyway?
Aiming: Vampiric Draining (quite dangerous; 16% risk of failure)
Press: ? - help, Shift-Dir - straight line You feel life coursing into your body.
You hear some strange, mumbled words.
A puff of flame appears from out of thin air!
The puff of flame hits you!
Casting: Vampiric Draining (quite dangerous; 16% risk of failure)
Confirm with . or Enter, or press ? or * to list all spells.
The spell is quite dangerous to cast (16% risk of failure)!
Continue anyway?
Aiming: Vampiric Draining (quite dangerous; 16% risk of failure)
Press: ? - help, Shift-Dir - straight line You feel life coursing into your body.
Something hits you!
* * * LOW HITPOINT WARNING * * *
You closely miss something. Something hits you!
You die...

#.#.######## #.#.........
#<..################ #
#..## #..........# #..#
##.########.# ...#
#.....# #..
...#######..##.# #.#
.............#.##.##.##.#
...........†....@{.......
.........#.....##.##.##.#
##...........### ..#.#.
#.#####.##..# #.#...# #.#
#.##..###.....## #.#
#.##........w... #(#
#.###............ #.#
#......#........(#
#####.##.........#


There were no monsters in sight!

Vanquished Creatures
  A hound (D:2)
  3 adders
  3 dart slugs
  A leopard gecko (D:1)
  A giant cockroach (D:2)
  3 goblins
  A hobgoblin (D:2)
  4 jackals (D:1)
  A kobold (D:2)
  A ball python (D:2)
  4 bats
  A frilled lizard (D:1)
  4 rats
28 creatures vanquished.

Notes
Turn   | Place    | Note
-------+----------+-------------------------------------------
     0 | D:1      | Esekla the Barachi Necromancer began the quest for the Orb.
     0 | D:1      | Reached XP level 1. HP: 13/13 MP: 3/3
   614 | D:1      | Reached skill level 1 in Fighting
   614 | D:1      | Reached XP level 2. HP: 18/21 MP: 0/5
  1168 | D:2      | Reached skill level 1 in Armour
  1168 | D:2      | Reached XP level 3. HP: 21/26 MP: 1/7
  1401 | D:2      | Learned a level 3 spell: Vampiric Draining
  1502 | D:3      | Reached skill level 1 in Short Blades
  1549 | D:2      | Reached XP level 4. HP: 26/33 MP: 2/8
  1659 | D:2      | Noticed Sigmund
  1678 | D:2      | Slain by Sigmund

Illustrated notes

Levels and vault maps discovered:
D:1:      dpeg_arrival_boxorama, layout_basic, minmay_statues_item,
          serial_park_tiny_2, grunt_decor_one_mirror
D:2:      layout_loops_ring, uniq_sigmund
D:3:      layout_loops_ring, uniq_robin

Skill      XL: |  1  2  3 |
---------------+----------+-----
Fighting       | 1 2 |  2.0
Armour         | 1 2 |  2.0
Short Blades   | 1 |  1.5
Dodging        | |  2.8
Stealth        | |  1.7
Spellcasting   | |  2.9
Necromancy     | |  3.6

Action                   |  1- 3 |  4- 6 || total
-------------------------+-------+-------++-------
Melee: Unarmed           |     7 |       ||     7
       Dagger            |   115 |    16 ||   131
 Cast: Pain              |    29 |       ||    29
       Vampiric Draining |     3 |     2 ||     5
 Abil: Hop               |     1 |       ||     1
 Stab: Sleeping          |     2 |       ||     2
  Eat: Chunk             |     3 |       ||     3
Armor: Robe              |     2 |       ||     2
       Leather armour    |    52 |     3 ||    55
Dodge: Dodged            |    94 |     5 ||    99
